 Dungeon Crawl Stone Soup version 0.24-a0-230-g536ed4e (webtiles) character file.

Game seed: 1642159687996040979

400 xeno23 the Sneak (level 6, -13/42 HPs)
             Began as an Octopode Assassin on Apr 2, 2019.
             Mangled by a tentacled starspawn (16 damage)
             ... on level 1 of the Abyss.
             The game lasted 00:09:38 (2413 turns).

xeno23 the Sneak (Octopode Assassin)                Turns: 2413, Time: 00:09:39

Health: -13/42     AC:  1    Str: 11    XL:     6   Next: 84%
Magic:  6/6        EV: 14    Int: 14    God:
Gold:   276        SH:  0    Dex: 14    Spells: 5/5 levels left

rFire    . . .     SeeInvis .   w - +0 dagger (elec)
rCold    . . .     Gourm    .   (no shield)
rNeg     . . .     Faith    .   (helmet restricted)
rPois    .         Spirit   .   (no amulet)
rElec    .         Reflect  .   p - ring of protection from magic
rCorr    .         Harm     .   (no ring)
MR       +....                  (no ring)
Stlth    +++++.....             (no ring)
HPRegen  0.00/turn              (no ring)
MPRegen  0.10/turn              (no ring)
                                (no ring)
                                (no ring)

@: non-regenerating, diseased, hasted, very quick
A: almost no armour, stealthy swim, amphibious, 8 rings, constrict 8, camouflage
1, gelatinous body 1
a: no special abilities


You were on level 1 of the Abyss.
You were hungry.

You visited 1 branch of the dungeon, and saw 5 of its levels.
You visited the Abyss 1 time.

You collected 276 gold pieces.

Inventory:

Hand Weapons
 a - a +2 dagger
 b - a +0 blowgun
 n - a +1 rapier of distortion
 u - a +1 rapier of protection
 w - a +0 dagger of electrocution (weapon)
Missiles
 c - 20 poisoned needles
 d - 2 curare-tipped needles
Jewellery
 p - a ring of protection from magic (left tentacle)
Wands
 i - a wand of polymorph (11)
 q - a wand of random effects (20)
Scrolls
 j - 3 scrolls of remove curse
 k - 2 scrolls of identify
 l - a scroll of noise {unknown}
 o - a scroll of enchant weapon {unknown}
 r - 2 scrolls of teleportation
 t - a scroll of magic mapping {unknown}
 v - a scroll of amnesia {unknown}
Potions
 g - a potion of heal wounds
 h - 2 potions of might
 m - 2 potions of agility
 s - a potion of flight
Comestibles
 f - 5 rations


   Skills:
 + Level 3.1 Fighting
 * Level 4.0 Short Blades
 + Level 3.0 Throwing
 + Level 2.7 Dodging
 * Level 7.5 Stealth


You had 5 spell levels left.
You didn't know any spells.
Your spell library was empty.

Dungeon Overview and Level Annotations

Branches:
Dungeon (5/15)
 Temple: D:4-7

Altars:
Ashenzari


Innate Abilities, Weirdness & Mutations

You cannot wear most types of armour.
You are very stealthy in the water. (Stealth+)
You are amphibious.
You can wear up to eight rings at the same time.
You can use your tentacles to constrict eight enemies at once.
Your skin changes colour to match your surroundings (Stealth+).
Your rubbery body absorbs attacks. (AC +1, EV +1)


Message History

The ancient zyme barely misses you. x2
Press: ? - help, v - describe, . - travel
Here: an ancient zyme The floor.
The ufetubus closely misses you. The ufetubus hits you.
You take 4 damage.
You start resting.
You are suddenly pulled into a different region of the Abyss!
A tentacled starspawn comes into view.
Press: ? - help, v - describe, . - travel
Here: a tentacled starspawn (hasn't noticed you)
The floor.
Okay, then.
Okay, then.
You feel yourself speed up. The tentacled starspawn bites you!!
Ouch! That really hurt!
* * * LOW HITPOINT WARNING * * *
The tentacled starspawn engulfs you!
You die...

. #. #####
##.##...####
..........#
.##........#
.........#
#......X.#
#......@##
#....#...#
#........#
.........#
#.........
...........
###########


You could see a tentacled starspawn.

Vanquished Creatures
  An ogre (D:4)
  An orc priest (D:3)
  4 orc wizards
  A howler monkey skeleton (D:4)
  6 adders
  3 oozes
  4 worms
  A dart slug (D:2)
  A leopard gecko (D:3)
  8 orcs
  4 ball pythons
  3 giant cockroaches
  8 goblins
  4 hobgoblins (D:3)
  6 jackals
  6 bats
  5 frilled lizards
  13 kobolds
  7 rats
86 creatures vanquished.

Notes
Turn   | Place    | Note
-------+----------+-------------------------------------------
     0 | D:1      | xeno23 the Octopode Assassin began the quest for the Orb.
     0 | D:1      | Reached XP level 1. HP: 14/14 MP: 1/1
    84 | D:1      | Reached XP level 2. HP: 19/19 MP: 2/2
   548 | D:2      | Reached XP level 3. HP: 24/24 MP: 3/3
   572 | D:2      | Reached skill level 6 in Stealth
   751 | D:2      | Reached XP level 4. HP: 25/30 MP: 4/4
  1096 | D:3      | You fall through a shaft for 2 floors!
  1096 | D:5      | Entered Level 5 of the Dungeon
  1137 | D:4      | Noticed an ogre
  1138 | D:4      | Killed an ogre
  1138 | D:4      | Reached XP level 5. HP: 35/35 MP: 5/5
  1190 | D:4      | Reached skill level 7 in Stealth
  1190 | D:4      | Reached XP level 6. HP: 41/41 MP: 6/6
  1391 | D:3      | Found a shattered altar of Ashenzari.
  2334 | D:3      | Cast into level 1 of the Abyss (a distortion unwield)
  2386 | Abyss:1  | Noticed an ancient zyme
  2410 | Abyss:1  | Noticed a tentacled starspawn
  2413 | Abyss:1  | Mangled by a tentacled starspawn

Levels and vault maps discovered:
D:1:      dpeg_chamrin_arrival_tetris, layout_basic, serial_glass,
          glass_columns_a, glass_columns_a, bh_walls_and_bars
D:2:      layout_rooms, first_ration, chequers_serial_rivers_large_b
D:3:      cheibrodos_greedy_goblins, layout_rooms, ashenzari_altar_1
D:4:      layout_cave_pools
D:5:      layout_gridville, ebering_ghost_gozag, uniq_ijyb
Abyss:1

Skill      XL: |  1  2  3  4  5  6 |
---------------+-------------------+-----
Stealth        | 6 7 |  7.5
Short Blades   | 3 4 |  4.0
Dodging        | 2 |  2.7
Fighting       | 3 |  3.1
Throwing       | 3 |  3.0

Action                   |  1- 3 |  4- 6 || total
-------------------------+-------+-------++-------
Melee: Dagger            |    31 |       ||    31
       Constrict         |     5 |    21 ||    26
       Tentacles         |     5 |    11 ||    16
       Rapier            |     2 |   102 ||   104
  Use: Scroll            |       |     9 ||     9
       Potion            |       |     1 ||     1
 Stab: Sleeping          |    15 |    16 ||    31
  Eat: Chunk             |       |     4 ||     4
Armor: Skin              |     2 |     8 ||    10
Dodge: Dodged            |    12 |    68 ||    80

Table legend:
 A = Non-vault XP
 B = Vault XP
 C = Vault XP percentage of total XP
 D = Non-vault monster count
 E = Vault monster count
 F = Vault count percentage of total count
                 A         B        C        D         E       F
            +---------+---------+-------+---------+---------+-------
      Total |     559 |      13 |   2.3 |      79 |       7 |   8.1
            +---------+---------+-------+---------+---------+-------
        D:1 |      20 |       0 |   0.0 |      11 |       0 |   0.0
        D:2 |     123 |       0 |   0.0 |      28 |       0 |   0.0
        D:3 |     191 |      13 |   6.4 |      32 |       7 |  17.9
        D:4 |     225 |       0 |   0.0 |       8 |       0 |   0.0
            +---------+---------+-------+---------+---------+-------
